 Dungeon Crawl Stone Soup version 0.28.0-45-g0d030f2227 (webtiles) character file.

Game seed: 11032755385454109440

110 MisterFreud the Slasher (level 4, -1/37 HPs)
             Began as a Palentonga Fighter on May 11, 2022.
             Was an Initiate of Okawaru.
             Succumbed to Robin's poison
             ... on level 3 of the Dungeon.
             The game lasted 00:02:27 (2018 turns).

MisterFreud the Slasher (Palentonga Fighter)        Turns: 2018, Time: 00:02:27

Health: -1/37      AC:  7    Str: 19    XL:     4   Next: 61%
Magic:  4/4        EV:  7    Int:  8    God:    Okawaru [......]
Gold:   92         SH:  4    Dex: 12    Spells: 3/3 levels left

rFire   . . .      SeeInvis +   a - +0 long sword
rCold   . . .      Faith    .   c - +0 buckler
rNeg    . . .      Spirit   .   b - +0 scale mail
rPois   .          Reflect  .   (no helmet)
rElec   .          Harm     .   h - +0 cloak
rCorr   .          Rampage  .   (no gloves)
Will    .....                   (no barding)
Stlth   ..........              (no amulet)
HPRegen 0.12/turn               (no ring)
MPRegen 0.09/turn               (no ring)

@: lethally poisoned (-1 -> -11)
A: large, rugged brown scales 3, see invisible, deformed body, roll 1, armoured
tail
a: Rolling Charge, Renounce Religion


You were on level 3 of the Dungeon.
You worshipped Okawaru.
Okawaru was noncommittal.
You visited 1 branch of the dungeon, and saw 3 of its levels.

You collected 92 gold pieces.

Inventory:

Hand Weapons
 a - a +0 long sword (weapon)
Missiles
 e - 6 poisoned darts
 l - 3 javelins
Armour
 b - a +0 scale mail (worn)
 c - a +0 buckler (worn)
 h - a +0 cloak (worn)
Jewellery
 j - a +6 ring of intelligence
Scrolls
 i - a scroll of magic mapping {unknown}
 k - a scroll of teleportation {unknown}
Potions
 d - a potion of might


   Skills:
 - Level 3.1 Fighting
 + Level 4.6 Long Blades
 - Level 2.5 Armour
 - Level 2.5 Shields


You had 3 spell levels left.
You didn't know any spells.
Your spell library contained the following spells:

 Spells                   Type           Power      Damage    Failure   Level
 Pain                     Necr           0%         1d4       85%         1
 Sandblast                Erth           0%         2d4       85%         1
 Passwall                 Tmut/Erth      0%         N/A       94%         2
 Stone Arrow              Conj/Erth      0%         3d7       99%         3
 Agony                    Necr           0%         N/A       100%        5
 Excruciating Wounds      Necr           0%         N/A       100%        5


Dungeon Overview and Level Annotations

Branches:
Dungeon (3/15)

Altars:
Okawaru


Innate Abilities, Weirdness & Mutations

You are completely covered in rugged brown scales. (AC +3, +7% HP)
You have supernaturally acute eyesight. (SInv)
Armour fits poorly on your strangely shaped body.
You can roll at nearby foes to attack.
You have a long armoured tail.


Message History

You barely miss Robin. You tail-slap Robin!
Robin is heavily wounded.
Robin hits you but does no damage.
You are poisoned.
Robin says, "My goblins will feast on your bones."
Robin hits you with a +0 short sword of venom.
You are more poisoned.
You barely miss Robin.
Robin is heavily wounded.
You feel very sick.
Robin says, "Bow before me, strongest of all the hobgoblins!"
A goblin comes into view. It is wielding a +0 dagger.
You hit the hobgoblin.
The hobgoblin is heavily wounded.
You feel very sick. Robin hits you but does no damage.
You block the hobgoblin's attack.
You feel sick.
You hit Robin.
Your tail-slap misses Robin.
Robin is severely wounded.
You feel sick.
Robin hits you with a +0 short sword of venom.
You are lethally poisoned!
You slash Robin!
You kill Robin!
Okawaru accepts your kill.
* * * LOW HITPOINT WARNING * * *
You feel very sick. The goblin hits you with a +0 club.
* * * LOW HITPOINT WARNING * * *
Unknown command.
It was a potion of magic.
Magic courses through your body.
* * * LOW HITPOINT WARNING * * *
You feel very sick. The goblin hits you with a +0 club.
* * * LOW HITPOINT WARNING * * *
Unknown command.
Unknown command.
As you read the scroll labelled YGHUVE ESURUM, it crumbles to dust.
The scroll dissolves into smoke.
It was a scroll of fog.
You die...

#.#####.†..........
#.......###########
#######.# # #.# ###
#.# ... #.# ### #.#
# ########.#
#gg@§§...#
#§######## #)# #.#
#.# #.# #g# #.#
#....#


You could see a hobgoblin (strong) and a goblin (strong).

Vanquished Creatures
  Jessica (D:2)
  Robin (D:3)
  3 worms (D:2)
  2 dart slugs
  4 ball pythons
  3 endoplasms
  2 giant cockroaches (D:3)
  11 goblins
  7 hobgoblins
  4 jackals (D:1)
  3 kobolds
  5 quokkas
  5 bats (D:1)
  3 frilled lizards (D:1)
  2 rats
56 creatures vanquished.

Notes
Turn   | Place    | Note
-------+----------+-------------------------------------------
     0 | D:1      | MisterFreud the Palentonga Fighter began the quest for the
                  | Orb.
     0 | D:1      | Reached XP level 1. HP: 19/19 MP: 1/1
     0 | D:1      | Found a faded altar of an unknown god.
    99 | D:1      | Reached XP level 2. HP: 21/25 MP: 2/2
   634 | D:1      | Reached skill level 3 in Long Blades
   880 | D:2      | Reached XP level 3. HP: 31/31 MP: 3/3
  1450 | D:2      | Noticed Jessica
  1463 | D:2      | Killed Jessica
  1464 | D:2      | Reached skill level 4 in Long Blades
  1464 | D:2      | Reached XP level 4. HP: 34/37 MP: 4/4
  1819 | D:3      | Found an iron altar of Okawaru.
  1824 | D:3      | Became a worshipper of Warmaster Okawaru
  1980 | D:3      | Noticed Robin
  2016 | D:3      | Killed Robin
  2017 | D:3      | HP: 1/37 [goblin/+0 club[Robin] (5)]
  2018 | D:3      | Succumbed to Robin's poison

Illustrated notes

Levels and vault maps discovered:
D:1:      ebering_trefoil_3fold, layout_rooms, ebering_ecumenical_altar_mist,
          amcnicky_mini_pool_small, amethyst_killhole,
          minmay_misc_feat_four_crosses
D:2:      layout_rooms, serial_co_window_serial, co_window_corner_a,
          co_window_corner_a, co_window_paths_b, co_window_paths_a,
          co_window_corner_a, co_window_of_opportunity_a, co_window_cross_1,
          co_window_2corner, co_window_broadway_b, co_window_unsneaky_path_b,
          co_window_unsneaky_path_b, co_window_2corner, co_window_corner_b,
          co_window_of_opportunity_c, co_window_sun, glass_columns_a,
          uniq_jessica
D:3:      kennysheep_the_goblin_king, layout_loops_ring, lemuel_crystal_altar,
          uniq_robin

Skill      XL: |  1  2  3 |
---------------+----------+-----
Long Blades    | 3 4 |  4.6
Fighting       | |  3.1
Armour         | |  2.5
Shields        | |  2.5

Action                   |  1- 3 |  4- 6 || total
-------------------------+-------+-------++-------
Melee: Long sword        |    87 |    43 ||   130
       Tailslap          |     7 |     5 ||    12
 Abil: Rolling Charge    |    22 |     7 ||    29
  Use: Scroll            |       |     1 ||     1
       Potion            |       |     1 ||     1
Armor: Scale mail        |    48 |    24 ||    72
Dodge: Dodged            |    32 |    10 ||    42
Block: Buckler           |    14 |    13 ||    27
